[Event "ICC Open 2015"]
[Site "Internet Chess Club"]
[Date "2015.05.30"]
[Round "7"]
[White "Danya"]
[Black "BlackHorse96"]
[Result "0-1"]
[ICCResult "White resigns"]
[WhiteElo "3082"]
[BlackElo "3288"]
[Opening "Philidor: Improved Hanham variation"]
[ECO "B07"]
[NIC "PU.08"]
[Time "15:24:23"]
[TimeControl "180+0"]

1. d4 d6 2. e4 Nf6 3. Nc3 Nbd7 4. Nf3 e5 5. a4 Be7 6. Bc4 O-O 7. O-O a5 8.
h3 c6 9. Re1 h6 10. Ba2 Qc7 11. Nh4 exd4 12. Ng6 dxc3 13. Nxe7+ Kh8 14. Nf5
Ne5 15. Qxd6 Qxd6 16. Nxd6 Be6 17. Bxe6 fxe6 18. bxc3 Rfb8 19. Bf4 Nfd7 20.
Red1 Kg8 21. Rab1 b5 22. axb5 cxb5 23. Nxb5 a4 24. Na3 Rc8 25. c4 g5 26. Bg3
Ra7 27. Rd6 Nxc4 28. Nxc4 Rxc4 29. Rxe6 Kf7 30. Rxh6 a3 31. Rd6 a2 32. Ra1
Rxc2 33. f3 Rb7 34. Be1 Nc5 35. Rdd1 Nb3 36. Rxa2 Rxa2 37. h4 gxh4 38. Bxh4
Rc7 39. Kh2 Rcc2 40. Kh3 Rxg2 41. e5 Rh2+ 42. Kg4 Ra4+ 43. f4 Nd4 44. Rb1
Ne2 45. Rb7+ Ke6 46. Rb6+ Kd5 47. Rd6+ Kc5 48. Bg5 Nd4 49. Rd8 Rg2+ 50. Kh5
Ne6 51. Rc8+ Kd5 52. Kg6 Nxf4+ 53. Kf5 Ne6 54. Be3 Re4 55. Rc1 Rxe5+ 56. Kf6
Rxe3 57. Rd1+ Nd4 58. Rf1 Rf3+ {White resigns} 0-1

[Event "ICC Open 2015"]
[Site "Internet Chess Club"]
[Date "2015.05.30"]
[Round "7"]
[White "The7thGuest"]
[Black "zonata"]
[Result "1-0"]
[ICCResult "Black forfeits on time"]
[WhiteElo "2072"]
[BlackElo "2332"]
[Opening "Sicilian: Alapin's variation (2.c3)"]
[ECO "B22"]
[NIC "SI.46"]
[Time "15:24:27"]
[TimeControl "180+0"]

1. e4 c5 2. c3 d5 3. exd5 Qxd5 4. d4 Nf6 5. Nf3 e6 6. Be2 Be7 7. O-O O-O 8.
dxc5 Bxc5 9. Qxd5 Nxd5 10. a3 a5 11. c4 Nf6 12. Nc3 Nc6 13. Bg5 h6 14. Bh4
a4 15. Nb5 b6 16. Rad1 Bb7 17. Bxf6 gxf6 18. Nd6 Ba6 19. Ne4 Be7 20. Nc3 Bb7
21. Rd7 Bc8 22. Rc7 Ra7 23. Rxa7 Nxa7 24. Nxa4 Bd8 25. Nc3 f5 26. Nb5 Nc6
27. Nfd4 Nxd4 28. Nxd4 Bf6 29. Nc6 Bxb2 30. a4 Bd7 31. Ne7+ Kg7 32. Rb1 Bd4
33. g4 Bc5 34. gxf5 Bxe7 35. Rxb6 Bxa4 36. fxe6 fxe6 37. Rxe6 Bc5 38. Bh5
Bxf2+ 39. Kg2 Bc5 40. Rg6+ Kh7 41. Ra6 Bc2 42. Bf3 Rf7 43. h4 Bd3 44. Bd5
Rg7+ 45. Kf3 Bf1 46. h5 Bg2+ 47. Kf4 Bxd5 48. cxd5 Rg5 49. Ke4 Rxh5 50. Rc6
Bf8 51. d6 Rh1 52. d7 Rd1 53. Rc7 Kg6 54. Ke5 Bd6+ 55. Ke6 Bxc7 56. Ke7
{Black forfeits on time}
1-0

[Event "ICC Open 2015"]
[Site "Internet Chess Club"]
[Date "2015.05.30"]
[Round "7"]
[White "grancaruso"]
[Black "boveymvp"]
[Result "0-1"]
[ICCResult "White forfeits on time"]
[WhiteElo "1808"]
[BlackElo "1621"]
[Opening "Réti opening"]
[ECO "A11"]
[NIC "QP.09"]
[Time "15:24:33"]
[TimeControl "180+0"]

1. Nf3 d5 2. c4 c6 3. e3 Nf6 4. b3 Bg4 5. Bb2 Nbd7 6. Be2 e6 7. Nc3 Bd6 8.
O-O O-O 9. Nd4 Bxe2 10. Qxe2 Re8 11. Rfd1 a6 12. Qf3 Rc8 13. Rac1 Ne5 14.
Qe2 c5 15. Nf3 dxc4 16. Nxe5 Bxe5 17. bxc4 Qc7 18. d4 cxd4 19. exd4 Bxh2+
20. Kh1 Bf4 21. Rc2 Qa5 22. a3 Qg5 23. Qf3 Ng4 24. g3 Bb8 25. Ne4 Qh5+ 26.
Kg1 Qh2+ 27. Kf1 h5 28. Ke2 Qh3 29. Rh1 Nh2 30. Qe3 Qg2 31. Rhc1 Ng4 32. Qf3
Qxf3+ 33. Kxf3 Red8 34. Rh1 g6 35. Rhc1 Kf8 36. Ng5 Ke7 37. Ne4 Rc6 38. Nc5
b5 39. cxb5 axb5 40. Rb1 Bd6 41. Bc3 Bxc5 42. dxc5 Rb8 43. Bb4 Ne5+ 44. Kg2
Nc4 45. Be1 Rc7 46. Rxc4 Rcb7 47. Rcb4 e5 48. c6 Rc7 49. Rxb5 Rxb5 50. Rxb5
Rxc6 51. Rb7+ Ke6 {White forfeits on time} 0-1

[Event "ICC Open 2015"]
[Site "Internet Chess Club"]
[Date "2015.05.30"]
[Round "7"]
[White "MaestroASK"]
[Black "RaptureMan"]
[Result "0-1"]
[ICCResult "White forfeits on time"]
[WhiteElo "2582"]
[BlackElo "2255"]
[Opening "Benko's opening"]
[ECO "A00"]
[NIC "VO.09"]
[Time "15:24:31"]
[TimeControl "180+0"]

1. g3 Nf6 2. Bg2 g6 3. d3 Bg7 4. e4 d6 5. c3 O-O 6. Nh3 c5 7. O-O Nc6 8. f4
a6 9. Nd2 Qc7 10. Nf2 Rb8 11. g4 b5 12. g5 Nd7 13. h4 Nb6 14. Nf3 e6 15. h5
d5 16. e5 d4 17. Ne4 Nd5 18. c4 Nde7 19. b3 Nf5 20. Nxc5 Nxe5 21. Ne4 Ng4
22. Qe1 Nge3 23. hxg6 fxg6 24. Nh2 Nc2 25. Qd2 Nxa1 26. Ba3 Rf7 27. Rxa1 Bb7
28. Ng4 Bxe4 29. Bxe4 Ne3 30. Nf6+ Bxf6 31. gxf6 Rxf6 32. Qh2 Qxf4 33. Qxf4
Rxf4 34. Bd6 Rbf8 35. Bxf4 Rxf4 36. cxb5 axb5 37. a4 bxa4 38. bxa4 Rf7 39.
a5 Ra7 40. a6 Nd5 41. Bxd5 exd5 42. Kf2 Kf7 43. Kf3 Ke6 44. Kf4 h6 45. Rg1
Kf6 46. Ra1 g5+ 47. Kg4 Kg6 48. Ra5 h5+ 49. Kf3 Kf6 50. Ke2 Ke5 51. Kf3 Kd6
52. Kg3 Kc6 53. Kf3 Kb6 54. Rxd5 Rxa6 55. Rxg5 Ra5 56. Rg6+ Kb5 57. Ke4 Kb4
58. Rh6 Kc3 59. Rc6+ Kd2 60. Kxd4 h4 {White forfeits on time} 0-1

[Event "ICC Open 2015"]
[Site "Internet Chess Club"]
[Date "2015.05.30"]
[Round "7"]
[White "ShadowLike"]
[Black "Valai"]
[Result "0-1"]
[ICCResult "White forfeits on time"]
[WhiteElo "2232"]
[BlackElo "2534"]
[Opening "Robatsch defense: two knights, Suttles variation"]
[ECO "B06"]
[NIC "KF.05"]
[Time "15:24:03"]
[TimeControl "180+0"]

1. e4 g6 2. d4 Bg7 3. Nc3 c6 4. Nf3 d6 5. Bc4 Nf6 6. Bb3 O-O 7. O-O b5 8. a3
a5 9. Re1 Bg4 10. h3 Bxf3 11. Qxf3 e5 12. dxe5 dxe5 13. Bg5 h6 14. Bh4 g5
15. Bg3 Qe7 16. Nd1 a4 17. Ba2 Na6 18. Ne3 Nd7 19. Nf5 Qf6 20. Rad1 Ndc5 21.
Rd6 Ne6 22. Rxc6 Rfc8 23. Rxc8+ Rxc8 24. c3 Bf8 25. Rd1 Nf4 26. Bxf4 exf4
27. Qh5 Nc5 28. f3 Nb3 29. Rd7 Qg6 30. Qxg6+ fxg6 31. Ne7+ Bxe7 32. Rxe7 Rd8
33. Bxb3+ axb3 34. Rb7 Rd1+ 35. Kh2 Rd2 36. Rxb5 Rxb2 37. a4 Kf7 38. a5 Ke6
39. a6 Ra2 40. Rb6+ Kd7 41. Rxb3 Rxa6 42. Rb7+ Kc6 43. Rh7 h5 44. Rg7 Kc5
45. Rd7 Kc4 46. Rd5 Kxc3 47. Rxg5 Kd4 48. Rd5+ Ke3 49. Rd8 Re6 50. Rf8 Rc6
51. Rf7 Rd6 52. Re7 Ra6 53. Re8 g5 54. Re5 g4 55. hxg4 hxg4 56. fxg4 Kf2
{White forfeits on time}
0-1

[Event "ICC Open 2015"]
[Site "Internet Chess Club"]
[Date "2015.05.30"]
[Round "7"]
[White "UzbekTiger"]
[Black "Neurisdr"]
[Result "1-0"]
[ICCResult "Black forfeits on time"]
[WhiteElo "2825"]
[BlackElo "2888"]
[Opening "Queen's pawn: Yusupov-Rubinstein system"]
[ECO "A46"]
[NIC "QP.06"]
[Time "15:23:56"]
[TimeControl "180+0"]

1. d4 Nf6 2. Nf3 e6 3. e3 b6 4. Bd3 Bb7 5. Nbd2 c5 6. O-O cxd4 7. exd4 d6 8.
b3 Nbd7 9. Bb2 g6 10. Qe2 Bg7 11. Ba3 Qc7 12. Nc4 Bf8 13. Ne3 Bg7 14. Nc4
Bf8 15. Rfe1 a6 16. Ng5 Bd5 17. Ne3 Bb7 18. c4 Be7 19. Ng4 Nxg4 20. Qxg4 Nf6
21. Nxe6 fxe6 22. Qxe6 Kd8 23. d5 Qd7 24. Qe3 Rf8 25. Qxb6+ Kc8 26. c5 Nxd5
27. Qa5 Bd8 28. Qd2 Nf4 29. Be4 Bxe4 30. Rxe4 Qg4 31. f3 Qg5 32. Kh1 d5 33.
c6 Rf6 34. Rd1 Nh3 35. Qxg5 Nxg5 36. Re5 Nf7 37. Rexd5 Rxc6 38. Rd7 Rc7 39.
R7d5 Raa7 40. h3 Rd7 41. Rc5+ Rac7 42. Rdc1 Rxc5 43. Rxc5+ Rc7 44. Rd5 Be7
45. Bb2 Rc2 46. Bd4 Bd6 47. Be3 Re2 48. Bg1 Re1 49. g4 Kc7 50. Kg2 Kc6 51.
Rd2 Ra1 52. Rc2+ Kd7 53. Bd4 Rd1 54. Bb2 Nd8 55. Re2 Ne6 56. Be5 Bxe5 57.
Rxe5 Nf4+ 58. Kg3 Ne6 59. Re4 g5 60. Re2 Nf4 61. Rc2 Rg1+ 62. Kh2 Rf1 63.
Kg3 Rd1 64. Kh2 Rd3 65. Rf2 h5 66. Kg3 h4+ 67. Kh2 Kd6 68. Rc2 Kd5 69. Kg1
Kd4 70. Kf2 Rc3 71. Rd2+ Rd3 72. Rc2 Rc3 73. Rd2+ Rd3 74. Ke1 Ke3 75. Rc2
Kxf3 76. Rf2+ {Black forfeits on time} 1-0

[Event "ICC Open 2015"]
[Site "Internet Chess Club"]
[Date "2015.05.30"]
[Round "7"]
[White "WhitsellF"]
[Black "esk"]
[Result "0-1"]
[ICCResult "White forfeits on time"]
[WhiteElo "1555"]
[BlackElo "1892"]
[Opening "Queen's pawn game"]
[ECO "A45"]
[NIC "QP.07"]
[Time "15:25:06"]
[TimeControl "180+0"]

1. d4 Nf6 2. Nc3 c5 3. Bg5 cxd4 4. Qxd4 h6 5. Qh4 Qb6 6. O-O-O Nc6 7. e4 d6
8. Be3 Qb4 9. a3 Qa5 10. Bc4 Ne5 11. Bb3 Nfg4 12. Bd2 g5 13. Qg3 Qb6 14. Nh3
h5 15. Nd5 Qd8 16. f3 h4 17. Qe1 Nf6 18. Nxg5 Nxd5 19. Bxd5 e6 20. Bb3 Bh6
21. Kb1 Bxg5 22. Bxg5 Qxg5 23. Rxd6 Qe7 24. Qd2 Bd7 25. Rd1 O-O-O 26. f4 Nc6
27. e5 Rhg8 28. Qf2 Be8 29. g3 Rxd6 30. exd6 Qd7 31. gxh4 f5 32. Qf3 Rh8 33.
Qg3 Bh5 34. Qg5 Bxd1 35. Qf6 Rd8 36. Bxe6 Bxc2+ 37. Kxc2 Nd4+ 38. Qxd4 Kb8
39. Bxd7 Rxd7 40. Kd3 Rd8 41. Qd5 Rc8 42. Kd4 a6 43. d7 Rd8 44. Qd6+ Ka7 45.
Qc7 Rxd7+ 46. Qxd7 Kb6 47. Qxf5 Ka7 {White forfeits on time} 0-1

[Event "ICC Open 2015"]
[Site "Internet Chess Club"]
[Date "2015.05.30"]
[Round "7"]
[White "BillietheKid"]
[Black "paraguayo"]
[Result "1-0"]
[ICCResult "Black forfeits on time"]
[WhiteElo "1447"]
[BlackElo "1709"]
[Opening "Ruy Lopez: Cozio defense"]
[ECO "C60"]
[NIC "RL.04"]
[Time "15:24:58"]
[TimeControl "180+0"]

1. e4 e5 2. Nf3 Nc6 3. Bb5 Nge7 4. O-O g6 5. Nc3 Bg7 6. d3 O-O 7. Be3 d6 8.
Qd2 Bg4 9. Ne1 Nd4 10. Ba4 c6 11. Bh6 b5 12. Bb3 a5 13. Bxg7 Kxg7 14. a4
Nxb3 15. cxb3 Be6 16. Qc2 f5 17. Nf3 Qc7 18. axb5 c5 19. Rfc1 Qb6 20. Nd2
Rac8 21. Nc4 Qb8 22. Rxa5 fxe4 23. dxe4 Rf4 24. Rd1 Bxc4 25. bxc4 Rcf8 26.
Rd2 Ng8 27. Nd5 R4f7 28. b6 Nf6 29. Rb5 Nh5 30. g3 Qa8 31. Kg2 Qc8 32. Qb3
Qg4 33. b7 Rf3 34. Qc2 Nf4+ 35. Nxf4 exf4 36. b8=Q fxg3 37. Rb7+ Kh6 38.
Qxf8+ Rxf8 39. hxg3 {Black forfeits on time} 1-0

[Event "ICC Open 2015"]
[Site "Internet Chess Club"]
[Date "2015.05.30"]
[Round "7"]
[White "Adonis"]
[Black "Pantani"]
[Result "0-1"]
[ICCResult "White forfeits on time"]
[WhiteElo "2643"]
[BlackElo "2992"]
[Opening "QGD Slav: Dutch variation, main line"]
[ECO "D19"]
[NIC "SL.05"]
[Time "15:24:24"]
[TimeControl "180+0"]

1. d4 d5 2. c4 c6 3. Nf3 Nf6 4. Nc3 dxc4 5. a4 Bf5 6. e3 e6 7. Bxc4 Bb4 8.
O-O O-O 9. Qe2 Bg6 10. Ne5 Qa5 11. Nxg6 hxg6 12. Qc2 Nbd7 13. Na2 Bd6 14. h3
e5 15. Bd2 Qc7 16. Qxg6 exd4 17. exd4 Bh2+ 18. Kh1 Bf4 19. Bb4 Bd6 20. Qd3
Bxb4 21. Nxb4 Rad8 22. Rfd1 Qf4 23. Qe3 Qh4 24. Qg3 Qxg3 25. fxg3 a5 26. Nc2
Ne4 27. Kh2 Ndf6 28. Re1 Rd6 29. g4 Rfd8 30. Re2 R6d7 31. Rae1 Nd6 32. Bb3
Kf8 33. g5 Nh5 34. Rf1 g6 35. g4 Ng7 36. h4 Re7 37. Rxe7 Kxe7 38. Re1+ Kd7
39. Kg3 Rf8 40. Re5 f6 41. gxf6 Rxf6 42. Ne3 b6 43. h5 gxh5 44. gxh5 Rh6 45.
Kh4 Nde8 46. Ng4 Rd6 47. h6 Nf6 48. hxg7 Rxd4 49. Rg5 Re4 50. g8=Q Nxg8 51.
Bxg8 Rb4 52. Rg7+ Kd6 53. Kg5 Kc5 54. Nf6 Rd4 {White forfeits on time} 0-1

[Event "ICC Open 2015"]
[Site "Internet Chess Club"]
[Date "2015.05.30"]
[Round "7"]
[White "slothchess"]
[Black "akibael"]
[Result "1/2-1/2"]
[ICCResult "Game drawn because neither player has mating material"]
[WhiteElo "1634"]
[BlackElo "2390"]
[Opening "Sicilian: Alapin's variation (2.c3)"]
[ECO "B22"]
[NIC "SI.46"]
[Time "15:24:29"]
[TimeControl "180+0"]

1. e4 c5 2. c3 e6 3. d4 d5 4. exd5 exd5 5. Nf3 Bd6 6. Be2 Ne7 7. O-O Nbc6 8.
h3 O-O 9. dxc5 Bxc5 10. Nbd2 Be6 11. Nb3 Bb6 12. Bd3 h6 13. Qc2 Qd7 14. Re1
Rac8 15. Be3 Nb4 16. Qb1 Nxd3 17. Qxd3 Bf5 18. Qd2 Bxe3 19. Rxe3 Rfd8 20.
Rae1 Be4 21. Nfd4 Re8 22. f3 Bg6 23. Qe2 Kf8 24. Qb5 Qxb5 25. Nxb5 Nc6 26.
Rxe8+ Rxe8 27. Rxe8+ Kxe8 28. Nd6+ Ke7 29. Nxb7 Bd3 30. N7c5 Bc4 31. Kf2 Kd6
32. Ke3 Ne5 33. f4 Nc6 34. g4 a5 35. Nb7+ Kc7 36. N7xa5 Nxa5 37. Nxa5 Bxa2
38. Kd4 Kd6 39. b4 Bb1 40. b5 Be4 41. c4 Bg2 42. h4 dxc4 43. Nxc4+ Kc7 44.
b6+ Kc6 45. g5 hxg5 46. hxg5 f6 47. gxf6 gxf6 48. Ne3 Bh3 49. b7 Kxb7 50.
Nd5 f5 51. Ke5 Kc6 52. Ne7+ Kd7 53. Nxf5 Ke8 54. Nh6 Kf8 55. Kf6 Bd7 56. f5
Bxf5 {Game drawn because neither player has mating material} 1/2-1/2

[Event "ICC Open 2015"]
[Site "Internet Chess Club"]
[Date "2015.05.30"]
[Round "7"]
[White "unkavalo"]
[Black "Gibhor"]
[Result "0-1"]
[ICCResult "White forfeits on time"]
[WhiteElo "2479"]
[BlackElo "1982"]
[Opening "English: four knights, 4.e3"]
[ECO "A28"]
[NIC "EO.06"]
[Time "15:25:08"]
[TimeControl "180+0"]

1. c4 e5 2. Nc3 Nf6 3. Nf3 Nc6 4. e3 d6 5. d4 exd4 6. exd4 g6 7. d5 Ne5 8.
Nxe5 dxe5 9. Bg5 Bg7 10. Qd2 O-O 11. Be2 Bf5 12. O-O Qd6 13. h3 a6 14. Rfe1
Nh5 15. Bxh5 gxh5 16. Ne4 Bxe4 17. Rxe4 f5 18. Re2 Rae8 19. Rc1 Qg6 20. c5
f4 21. h4 h6 22. d6 cxd6 23. cxd6 hxg5 24. d7 Rd8 25. Qd5+ Kh7 26. Qxb7 gxh4
27. f3 Rf7 28. Rc6 Qf5 29. Qxa6 Rfxd7 30. Rc1 h3 31. gxh3 Qxh3
{White forfeits on time}
0-1

[Event "ICC Open 2015"]
[Site "Internet Chess Club"]
[Date "2015.05.30"]
[Round "7"]
[White "Darnoc"]
[Black "Inmune"]
[Result "1-0"]
[ICCResult "Black forfeits on time"]
[WhiteElo "3031"]
[BlackElo "2989"]
[Opening "Queen's gambit accepted"]
[ECO "D20"]
[NIC "QG.03"]
[Time "15:24:26"]
[TimeControl "180+0"]

1. d4 d5 2. c4 dxc4 3. e3 Nf6 4. Bxc4 g6 5. Qb3 e6 6. Nf3 Bg7 7. Qa3 Qd6 8.
O-O O-O 9. Rd1 b6 10. Qd3 Bb7 11. Qe2 Nbd7 12. Nc3 Ne4 13. Nb5 Qb4 14. a3
Qe7 15. Nxc7 Rac8 16. Nb5 a6 17. Nc3 Nxc3 18. bxc3 Bxf3 19. gxf3 b5 20. Bd3
e5 21. Bd2 Nb6 22. f4 e4 23. Bc2 Nd5 24. a4 Nxc3 25. Bxc3 Rxc3 26. Rab1 b4
27. Bb3 a5 28. Rdc1 Qc7 29. Rc2 Rc8 30. Rbc1 Qb6 31. Qb5 Qxb5 32. axb5 Rxc2
33. Rxc2 Rxc2 34. Bxc2 Bf8 35. Bxe4 a4 36. Kf1 b3 37. Bd5 Bb4 38. Ke2 Ba5
39. Kd3 Kf8 40. e4 Ke7 41. e5 f6 42. Bc4 h6 43. d5 g5 44. d6+ Kd7 45. b6
Bxb6 46. Bb5+ Ke6 47. Bxa4 b2 48. Bb3+ Kd7 49. Kc2 fxe5 50. fxe5 Bxf2 51.
Kxb2 Bd4+ 52. Kc2 Bxe5 53. h3 Bxd6 54. Kd3 Ke7 55. Ke4 Kf6 56. Bd1 Bg3 57.
Bh5 Bh4 58. Kf3 Be1 59. Kg4 Ke5 60. Be8 Bh4 61. Bh5 Kf6 62. Be8 Kg7 63. Bh5
Be1 64. Kf5 Bb4 65. Bg4 Bc5 66. Bh5 Be7 67. Bg4 Bd8 68. Bh5 Bc7 69. Bf3 Bf4
70. Bh5 Bd2 71. Be2 Be1 72. Bh5 Bh4 73. Bg4 Be1 74. Bh5 Bd2 75. Be2 Kf7 76.
Bh5+ Ke7 77. Bg4 Kd6 78. Bh5 Kd5 79. Bg4 Kd4 80. Kg6 Ke3 81. Kxh6 Kf2 82.
Kh5 Kg3 83. Kg6 Bf4 84. Kf5 Kh4 85. Ke6 Bh2 86. Kd5 Bg3 87. Kc4 Bh2 88. Kd3
Bg3 89. Ke2 Bh2 90. Kf3 Bf4 91. Kg2 Be5 92. Kf2 Bf4 93. Kf3 Bg3 94. Ke4 Bf4
95. Kf5 Bg3 96. Kg6 Bf4 97. Kf5 Bg3 98. Ke4 Bf4 99. Kd3 Bg3 100. Ke2 Bf4
101. Kd1 Bg3 102. Ke2 Bf4 103. Kf1 Bg3 104. Kg2 Bf4 105. Bf3 Bg3 106. Bg4
Bf4 107. Kf3 Bg3 108. Ke4 Bf4 109. Kf5 Bg3 110. Ke4 Bf4 111. Kf5 Bg3 112.
Kf6 Bf4 113. Ke6 Bg3 114. Kd7 Bf4 115. Kc8 Bg3 116. Kb7 Bf4 117. Ka6 Bg3
118. Kb5 Bf4 119. Ka4 Bg3 120. Kb3 Bf4 121. Kc2 Bg3 122. Kd1 Bf4 123. Ke2
Bg3 124. Kf3 {Black forfeits on time} 1-0

[Event "ICC Open 2015"]
[Site "Internet Chess Club"]
[Date "2015.05.30"]
[Round "7"]
[White "Cinzento"]
[Black "oseledets"]
[Result "1-0"]
[ICCResult "Black forfeits on time"]
[WhiteElo "1793"]
[BlackElo "2014"]
[Opening "Sicilian: Najdorf, 6...e6"]
[ECO "B95"]
[NIC "SI.04"]
[Time "15:24:34"]
[TimeControl "180+0"]

1. e4 c5 2. Nf3 d6 3. d4 cxd4 4. Nxd4 Nf6 5. Nc3 a6 6. Bg5 e6 7. Qd2 Be7 8.
O-O-O h6 9. Bh4 Qc7 10. f4 b5 11. Bd3 Bb7 12. Qe3 Nbd7 13. h3 b4 14. Nce2
Rc8 15. Qg3 Kf8 16. Qe3 Nc5 17. e5 Nd5 18. Bxe7+ Qxe7 19. Qf2 Nxd3+ 20. Rxd3
dxe5 21. fxe5 Qg5+ 22. Kb1 Qxe5 23. Rf1 f6 24. g4 Qd6 25. Nf4 Nxf4 26. Qxf4
Qxf4 27. Nxe6+ Kf7 28. Nxf4 Rhd8 29. Rfd1 Rxd3 30. Rxd3 Ke7 31. Re3+ Kf7 32.
Kc1 Re8 33. Rxe8 Kxe8 34. Kd2 Kf7 35. Ke3 g5 36. Nd3 Bg2 37. Nxb4 Bxh3 38.
Kf3 Bf1 39. Nc6 a5 40. Nxa5 Ke6 41. Nb3 Kd5 42. c3 Bc4 43. Nc1 Bb5 44. Nb3
Ke5 45. Nd4 Ba6 46. Nc6+ Kd6 47. Nd4 {Black forfeits on time} 1-0

[Event "ICC Open 2015"]
[Site "Internet Chess Club"]
[Date "2015.05.30"]
[Round "7"]
[White "EMILSEBY"]
[Black "ural"]
[Result "0-1"]
[ICCResult "White checkmated"]
[WhiteElo "2081"]
[BlackElo "2378"]
[Opening "English, Tröger defense"]
[ECO "A25"]
[NIC "EO.20"]
[Time "15:24:32"]
[TimeControl "180+0"]

1. c4 e5 2. Nc3 Nc6 3. g3 d6 4. Bg2 Be6 5. d3 Qd7 6. e4 Nd4 7. Be3 Ne7 8. h3
Nec6 9. Nge2 Nxe2 10. Qxe2 Be7 11. Nd5 O-O 12. Nxe7+ Qxe7 13. g4 a6 14. O-O
Qd7 15. f4 exf4 16. Bxf4 Nd4 17. Qf2 c5 18. Be3 Nc6 19. Rab1 b5 20. b3 Rab8
21. Qg3 f6 22. Bf4 Ne5 23. Qe3 a5 24. Bxe5 fxe5 25. Rxf8+ Rxf8 26. Rf1 Rb8
27. Qd2 a4 28. Qa5 Kh8 29. Rf2 h6 30. Bf1 axb3 31. axb3 b4 32. Qa1 Qe7 33.
Kg2 Kh7 34. Ra2 Rf8 35. Qe1 Qg5 36. Rf2 Ra8 37. Qd2 Qxd2 38. Rxd2 Ra3 39.
Rb2 Kg6 40. Kg3 h5 41. Be2 hxg4 42. hxg4 Kg5 43. Bf3 Ra1 44. Be2 Rc1 45. Bf3
Rc3 46. Be2 Bd7 47. Kh3 Bc6 48. Kg3 Bxe4 49. Kf2 Bxd3 50. Rd2 Bxe2 51. Kxe2
Rxb3 52. Rxd6 Kf4 53. Rd5 Rb2+ 54. Kd1 e4 55. Rxc5 Ke3 56. Rc8 Rd2+ 57. Ke1
Rc2 58. Kd1 b3 59. Rb8 Rc3 60. Rb4 Kd4 61. g5 Kc5 62. Rb5+ Kxc4 63. Re5 Kd4
64. Rb5 Ke3 65. Rb8 g6 66. Rb7 b2 67. Rb6 Rc1# {White checkmated} 0-1

[Event "ICC Open 2015"]
[Site "Internet Chess Club"]
[Date "2015.05.30"]
[Round "7"]
[White "Mormegil"]
[Black "la8pv"]
[Result "0-1"]
[ICCResult "White forfeits on time"]
[WhiteElo "1667"]
[BlackElo "1811"]
[Opening "Dutch, 2.Bg5 variation"]
[ECO "A80"]
[NIC "HD.12"]
[Time "15:24:49"]
[TimeControl "180+0"]

1. d4 f5 2. Bg5 Nf6 3. Bxf6 exf6 4. e3 b6 5. Bd3 g6 6. Nf3 Bg7 7. c4 O-O 8.
Nc3 Bb7 9. O-O Re8 10. b4 Be4 11. Be2 Nc6 12. Qb3 a5 13. a3 Qe7 14. Nb5 axb4
15. Nxc7 Rxa3 16. Rxa3 bxa3 17. Nxe8 Qxe8 18. Qxa3 Bf8 19. Qb3 Qb8 20. c5+
Kh8 21. Qxb6 Qa8 22. Nd2 Bd5 23. Bf3 Bf7 24. Nb3 Qa3 25. Rb1 Nb4 26. Qa5
Qxa5 27. Nxa5 Na6 28. Rb6 Nc7 29. Rb8 Kg7 30. c6 dxc6 31. Nxc6 Ne6 32. Nd8
Bg8 33. Nxe6+ Bxe6 34. d5 Bf7 35. Kf1 Bd6 36. Rb7 Kf8 37. Ke2 Ke8 38. Kd3
Be5 39. Kc4 Bd6 40. Kb5 Kf8 41. Kc6 Be5 42. d6 Be8+ 43. d7 Ke7 44. Be2 Bc7
45. Bb5 Bxd7+ 46. Kxc7 Bxb5 47. Rxb5 Ke6 {White forfeits on time} 0-1

[Event "ICC Open 2015"]
[Site "Internet Chess Club"]
[Date "2015.05.30"]
[Round "7"]
[White "ehkopean"]
[Black "BishopStars"]
[Result "1-0"]
[ICCResult "Black forfeits on time"]
[WhiteElo "1740"]
[BlackElo "1251"]
[Opening "Sicilian: Smith-Morra gambit"]
[ECO "B21"]
[NIC "SI.48"]
[Time "15:25:58"]
[TimeControl "180+0"]

1. e4 c5 2. d4 cxd4 3. c3 d5 4. exd5 Qxd5 5. Nf3 Bg4 6. Qa4+ Nc6 7. Bb5 Bxf3
8. gxf3 Qxf3 9. Bxc6+ Qxc6 10. Qxc6+ bxc6 11. cxd4 O-O-O 12. Be3 Nf6 13. Rg1
g6 14. Nc3 Bg7 15. O-O-O Nd5 16. Na4 e5 17. Nc5 exd4 18. Bxd4 Bxd4 19. Rxd4
Rhe8 20. Kd2 f5 21. Rc1 Kc7 22. Na6+ Kb6 23. Nc5 Re7 24. Na4+ Kb7 25. Nc5+
Kc7 26. a3 Rde8 27. Na6+ Kb6 28. Nb4 Kb5 29. Nxd5 Re2+ 30. Kd3 cxd5 31.
Rxd5+ Kb6 32. Rd6+ Kb7 33. Rd7+ Kb8 34. Rxh7 Rxb2 35. Rcc7 Rd8+ 36. Ke3 Rb3+
37. Kf4 Rxa3 38. Rb7+ Ka8 39. Rbg7 Ra2 40. f3 a5 41. Rxg6 Rb2 42. Ra6+ Kb8
43. Rxa5 Rb4+ 44. Kg5 f4 45. Rf5 Rb6 46. Rxf4 Rd5+ 47. Kg4 Rg6+ 48. Kh4 Rdd6
49. Rf8+ {Black forfeits on time} 1-0

[Event "ICC Open 2015"]
[Site "Internet Chess Club"]
[Date "2015.05.30"]
[Round "7"]
[White "MassCarnage"]
[Black "outubro2"]
[Result "1-0"]
[ICCResult "Black forfeits on time"]
[WhiteElo "2025"]
[BlackElo "1667"]
[Opening "Sicilian: Grand Prix attack, Schofman variation"]
[ECO "B23"]
[NIC "SI.44"]
[Time "15:25:05"]
[TimeControl "180+0"]

1. e4 c5 2. Nc3 Nc6 3. f4 g6 4. Nf3 Bg7 5. Bc4 e6 6. f5 Nge7 7. fxg6 hxg6 8.
d3 Ne5 9. O-O Nxc4 10. dxc4 Qc7 11. g3 b6 12. Nb5 Qb8 13. Nd6+ Kf8 14. Ng5
Bd4+ 15. Kg2 f6 16. Nxc8 Qxc8 17. c3 Be5 18. Bf4 Bxf4 19. Rxf4 Kg7 20. Qd6
Ng8 21. Raf1 Qc6 22. Qxc6 dxc6 23. Nh3 Rd8 24. R1f2 f5 25. e5 Nh6 26. Ng5
Rhe8 27. h3 Nf7 28. Nxf7 Kxf7 29. g4 Rd3 30. R4f3 Red8 31. h4 Rxf3 32. Kxf3
Rd3+ 33. Kf4 Rd1 34. Rh2 Rf1+ 35. Kg5 Kg7 36. h5 gxh5 37. gxh5 Rg1+ 38. Kf4
Rg4+ 39. Kf3 Re4 40. Rd2 Rxe5 41. Rd7+ Kh6 42. Rxa7 Kxh5 43. Rc7 Re4 44.
Rxc6 e5 45. Rxb6 Rh4 46. Rc6 e4+ 47. Kg3 Rg4+ 48. Kf2 f4 49. Rxc5+ Kh4 50.
Rc8 e3+ 51. Ke2 Kg3 52. Rf8 Rh4 53. c5 Rh2+ 54. Kd3 Rd2+ 55. Kc4 e2 56. Re8
f3 57. c6 Rd6 58. c7 Rc6+ 59. Kb5 Rxc7 60. Rg8+ Kf2 61. Re8 Ke1 62. c4 Rb7+
63. Kc6 Re7 64. c5 {Black forfeits on time} 1-0

[Event "ICC Open 2015"]
[Site "Internet Chess Club"]
[Date "2015.05.30"]
[Round "7"]
[White "El-Flippo"]
[Black "RobbieWilliams"]
[Result "0-1"]
[ICCResult "White forfeits on time"]
[WhiteElo "1408"]
[BlackElo "1736"]
[Opening "Inverted Hanham"]
[ECO "B02"]
[NIC "AL.10"]
[Time "15:24:26"]
[TimeControl "180+0"]

1. e4 Nf6 2. d3 d5 3. Nd2 e5 4. Ngf3 Nc6 5. Be2 h6 6. O-O a6 7. c3 Bc5 8. b4
Bb6 9. Qb3 Be6 10. b5 Na5 11. Qc2 Qd7 12. bxa6 bxa6 13. Rb1 O-O 14. Ba3 Rfe8
15. h3 dxe4 16. Nxe4 Bxh3 17. gxh3 Qxh3 18. Nh2 Nxe4 19. Rxb6 cxb6 20. dxe4
Rac8 21. Bb4 Nc6 22. Qd3 Qh4 23. Qg3 Qxe4 24. Bf3 Qf5 25. Bxc6 Rxc6 26. Qf3
Rg6+ 27. Kh1 Qg5 28. c4 Ree6 29. Qg3 Qh5 {White forfeits on time} 0-1

[Event "ICC Open 2015"]
[Site "Internet Chess Club"]
[Date "2015.05.30"]
[Round "7"]
[White "VictorRed"]
[Black "PITCHUS"]
[Result "1-0"]
[ICCResult "Black forfeits on time"]
[WhiteElo "1836"]
[BlackElo "1854"]
[Opening "Queen's pawn"]
[ECO "A40"]
[NIC "QO.17"]
[Time "15:27:40"]
[TimeControl "180+0"]

1. d4 c6 2. Nf3 d5 3. g3 Bg4 4. Bg2 Bxf3 5. Bxf3 Nd7 6. O-O e5 7. Nc3 e4 8.
Bg2 Be7 9. f3 exf3 10. Rxf3 Ngf6 11. Bg5 Ne4 12. Nxe4 dxe4 13. Bxe7 Qxe7 14.
Rf4 Nf6 15. e3 O-O-O 16. c3 Rhe8 17. Qa4 Kb8 18. Raf1 Qc7 19. b4 Re7 20. b5
Rde8 21. c4 cxb5 22. Qxb5 Qc6 23. Qb3 Rc8 24. c5 Rcc7 25. a4 Nd5 26. Bxe4
Rxe4 27. Rxe4 Nf6 28. Ref4 Re7 29. Qc4 Rxe3 30. d5 Qe8 31. c6 Re2 32. cxb7
Kxb7 33. Rb1+ Ka8 34. Qd4 Ne4 35. Rbf1 Nd2 36. Rxf7 Qe3+ 37. Qxe3 Rxe3 38.
Rf8+ Kb7 39. Rd1 Nf3+ 40. Rxf3 Rxf3 41. d6 Kc8 42. Kg2 Ra3 43. Rd4 Kd7 44.
Kh3 a5 45. Kh4 {Black forfeits on time} 1-0

[Event "ICC Open 2015"]
[Site "Internet Chess Club"]
[Date "2015.05.30"]
[Round "8"]
[White "chessrex"]
[Black "BennieHill"]
[Result "1-0"]
[ICCResult "Black checkmated"]
[WhiteElo "2101"]
[BlackElo "1258"]
[Opening "French defense"]
[ECO "C01"]
[NIC "QP.08"]
[Time "15:34:49"]
[TimeControl "180+0"]

1. d4 d5 2. e4 e6 3. c4 Nf6 4. e5 Nfd7 5. c5 c6 6. Nc3 Be7 7. f4 b6 8. cxb6
axb6 9. Nf3 b5 10. Bd3 Ba6 11. O-O b4 12. Ne2 Bxd3 13. Qxd3 Nb6 14. f5 exf5
15. Qxf5 Nc4 16. Ng5 Bxg5 17. Qxf7# {Black checkmated} 1-0